AoeStats
← EmperorNowBack

Arabian Desert

509654691Analyzed
1v1 RM · 4d ago on Sep 27, 2026· 10m 33s· 2 players
Game mode
Random Map
Map size
Tiny (2 player)
Population
200
Speed
Normal
Resources
Standard
Victory
Conquest
Starting age
Dark Age
Ending age
Imperial Age
RankedLock teamsTeams togetherTeam positionsShared explorationLock speedFull tech treeHidden civsTurbo modeCheats
Victory
Defeat
🇹🇼 Saxons · Taiwan
1722
+11
🇧🇷 Burgundians · Brazil
1609
-11
tovra fans
6:50 Loom
9:13 Feudal Age
9:19 Man-at-Arms
10:13 Double-Bit Axe
EmperorNowBack
5:29 Double-Bit Axe
7:27 Loom
9:42 Feudal Age
9:17 Horse Collar
Connection lost

Rejoining the realm…

Still unreachable

The connection could not be restored.

Session expired

The server has moved on; the page needs a fresh start.